 Dungeon Sprint DCSS version 0.31-a0-595-g4209ae197b (webtiles) character file.

Game seed: 393759487129030492

1246 Conn the Arsonist (level 8, -8/51 HPs)
             Began as an Octopode Fire Elementalist on Aug 19, 2023.
             Was a Follower of Sif Muna.
             Mangled by a hornet (10 damage)
             ... in the Dungeon (Sprint II: "The Violet Keep of Menkaure").
             The game lasted 00:06:10 (243 turns).

Conn the Arsonist (Octopode Fire Elementalist)       Turns: 243, Time: 00:06:10

Health: -8/51      AC:  1    Str:  8    XL:     8   Next: 50%
Magic:  2/21       EV: 14    Int: 19    God:    Sif Muna [*.....]
Gold:   177        SH:  0    Dex: 10    Spells: 16/26 levels left

rFire   . . .        (no weapon)
rCold   . . .        (no shield)
rNeg    . . .        (helmet restricted)
rPois   .            (no amulet)
rElec   .            (no ring)
rCorr   .            (no ring)
SInv    .            (no ring)
Will    .....        (no ring)
Stlth   +++++        (no ring)
HPRegen 0.28/turn    (no ring)
MPRegen 0.17/turn    (no ring)
                     (no ring)

%: no teleportation
@: slowed, unable to drink, very slow
A: almost no armour, amphibious, 8 rings, camouflage 2, gelatinous body 1,
(nimble swimmer 1), tentacles, clumsy 1, inability to drink after injury 1
a: Renounce Religion, Channel Magic


You were in the Dungeon.
You worshipped Sif Muna.
Sif Muna was aware of your devotion.
You visited 1 branch You collected 243 gold pieces.
You spent 66 gold pieces at shops.

Inventory:

Scrolls
 f - a scroll of blinking
Potions
 a - 3 potions of magic
 b - 2 potions of lignification


   Skills:
 + Level 2.3 Fighting
 + Level 5.9 Dodging
 + Level 6.8 Stealth
 * Level 9.8 Spellcasting
 * Level 7.3 Conjurations
 + Level 0.5 Hexes
 + Level 11.3 Fire Magic


You had 16 spell levels left.
You knew the following spells:

 Your Spells              Type           Power      Damage    Failure   Level
a - Foxfire               Conj/Fire      100%       2x1d9     1%          1
b - Scorch                Fire           100%       2d9       1%          2
c - Inner Flame           Hex/Fire       31%        N/A       1%          3
d - Flame Wave            Conj/Fire      44%        2d11      1%          4

Your spell library contained the following spells:

 Spells                   Type           Power      Damage    Failure   Level
 Volatile Blastmotes      Fire/Tloc      60%        2d15      2%          3


Dungeon Overview and Level Annotations

Branches:
Dungeon (1/1)

Altars:
Cheibriados
Dithmenos
Elyvilon
Fedhas
Gozag
Hepliaklqana
Kikubaaqudgha
Makhleb
Nemelex Xobeh
Okawaru
Qazlal
Ru
Sif Muna
Trog
Uskayaw
Vehumet
Wu Jian
Xom
Yredelemnul
Zin
The Shining One
Jiyva
Lugonu

Shops:
D :*??=[*!=[[!(:=

Annotations:
D exclusion: oklob plant


Innate Abilities, Weirdness & Mutations

You cannot wear most types of armour.
You are amphibious.
You can wear up to eight rings at the same time.
Your skin blends seamlessly with your surroundings (Stealth++).
Your rubbery body absorbs attacks. (AC +1, EV +1)
((You are camouflaged when in or above water. (Stealth+)))
You have tentacles for arms and can constrict up to eight enemies at once.
You are clumsy. (Dex -2)
You occasionally lose the ability to drink potions when taking damage.


Message History

The bolt barely misses you.
Your foxfire dissipates!
Casting: Foxfire (safe; 1% risk of failure)
Confirm with . or Enter, or press ? or * to list all spells.
You conjure some foxfire!
The foxfire hits the yaktaur.
The yaktaur is lightly wounded.
The foxfire hits the yaktaur.
The yaktaur is lightly wounded.
The foxfire hits the yaktaur.
The yaktaur is moderately wounded.
Your foxfire dissipates!
Unknown command.
Casting: Foxfire (safe; 1% risk of failure)
Confirm with . or Enter, or press ? or * to list all spells.
Casting: Flame Wave (dangerous; 1% risk of failure)
Press: ? - help, Dir - look around, f - activate A wave of flame ripples out!
The flame wave engulfs the yaktaur!
The yaktaur is heavily wounded.
The flame wave engulfs your foxfire.
Your foxfire completely resists. (Press . to intensify the flame waves.)
The foxfire hits the yaktaur.
The yaktaur is heavily wounded.
A wave of flame ripples out!
The flame wave engulfs the yaktaur!
The yaktaur is almost dead.
The flame wave engulfs the hornet!
The hornet is moderately wounded.
You can drink potions again.
The yaktaur unwields a +0 arbalest.
The yaktaur barely misses you.
A wave of flame ripples out!
The flame wave engulfs the hornet!
The hornet is severely wounded.
The flame wave engulfs the yaktaur!!
You kill the yaktaur!
Sif Muna accepts your kill.
You can now call upon Sif Muna for magical energy.
You finish channelling waves of flame.
The hornet stings you.
* * * LOW HITPOINT WARNING * * *
You feel yourself slow down. The hornet stings you!
You feel threatened and lose the ability to drink potions!
You die... ...# ...# ..## #..# $# $$$?(

# #..# +..# .#▓$!)$$ ##
#..# #..# .#▓?!!!) .+
+..####..##. ▓$)?[$ ##
#....###...##▓▓▓▓▓▓ #
##......§§§§~~~~~~~~
###~~.....~#'########+
#~~~~~~~..~#.)@_._._#~
##~~§§~§~~.~#_y_._._.#§
##~~~§§≈§~~~~#._._._._#§
~~†~~~≈≈§≈~~~#_._._._.#§
+++#~≈≈≈§≈§≈~#._._._..#§
z≈ ##≈≈≈###§≈#_._._...#~
z.z.##≈≈# #≈≈#._._....#§
§.≈≈≈+≈≈# #§§#.._.....#~
○.≈.##§§≈≈≈≈≈##########§


You could see a hornet.

Vanquished Creatures
  A yaktaur (D)
  A blink frog (D)
  2 polar bears (D)
  4 neqoxecs (D)
  Menkaure (D)
  A water moccasin (D)
10 creatures vanquished.

Vanquished Creatures (others)
  15 foxfires (D)
15 creatures vanquished.

Grand Total: 25 creatures vanquished

Notes
Turn   | Place    | Note
-------+----------+-------------------------------------------
     0 | D        | Conn the Octopode Fire Elementalist began the quest for the
                  | Orb.
     0 | D        | Reached XP level 1. HP: 11/11 MP: 3/3
     1 | D        | Noticed a neqoxec
     1 | D        | Noticed a neqoxec
     1 | D        | Noticed a neqoxec
     1 | D        | Noticed a neqoxec
    12 | D        | Killed a neqoxec
    13 | D        | Reached skill level 1 in Fighting
    13 | D        | Reached skill level 6 in Fire Magic
    13 | D        | Reached XP level 2. HP: 9/18 MP: 3/7
    13 | D        | Reached XP level 3. HP: 11/23 MP: 3/9
    13 | D        | Reached XP level 4. HP: 14/28 MP: 3/10
    13 | D        | Reached XP level 5. HP: 17/33 MP: 3/12
    16 | D        | Killed a neqoxec
    17 | D        | Reached skill level 5 in Stealth
    17 | D        | Reached skill level 8 in Fire Magic
    17 | D        | Reached XP level 6. HP: 20/38 MP: 3/15
    18 | D        | Gained mutation: You are clumsy. (Dex -2) [a neqoxec]
    23 | D        | Killed a neqoxec
    24 | D        | Reached skill level 5 in Conjurations
    24 | D        | Reached skill level 9 in Fire Magic
    25 | D        | Gained mutation: You occasionally lose the ability to drink
                  | potions when taking damage. [a neqoxec]
    27 | D        | Gained mutation: Your skin blends seamlessly with your
                  | surroundings (Stealth++). [a neqoxec]
    35 | D        | Learned a level 2 spell: Scorch
    41 | D        | Killed a neqoxec
    42 | D        | Reached skill level 5 in Dodging
    42 | D        | Reached XP level 7. HP: 19/44 MP: 0/17
    59 | D        | Found Xaoraraxt's Jewellery Shop.
    60 | D        | Found Suikloje's Antique Weapon Boutique.
    60 | D        | Found Cecuig's Distillery.
    60 | D        | Found Riku's Antique Armour Boutique.
    60 | D        | Found Wunusikh's Jewellery Boutique.
    60 | D        | Found Yhapaec's Jewellery Shop.
    60 | D        | Found Duadeh's Distillery.
    60 | D        | Found Tin Wul's Antique Armour Shop.
    60 | D        | Found Jauth's Magic Scroll Boutique.
    60 | D        | Found Syguco's Book Shop.
    60 | D        | Found Wasentari's General Store.
    61 | D        | Found Rauv's Magic Scroll Shop.
    61 | D        | Found Widoeff's Assorted Antiques.
    62 | D        | Found Vaceogg's Antique Armour Shop.
    63 | D        | Noticed Menkaure
    63 | D        | Noticed an oklob plant
    71 | D        | Killed Menkaure
    72 | D        | Reached skill level 10 in Fire Magic
    74 | D        | Found Weonuic's Book Shoppe.
    78 | D        | Noticed a wyvern
    78 | D        | Noticed a wyvern
    79 | D        | Noticed a wyvern
    82 | D        | Noticed a polar bear
    82 | D        | Noticed a polar bear
    97 | D        | Bought 2 potions of lignification for 66 gold pieces
   105 | D        | Noticed a blink frog
   109 | D        | Killed a blink frog
   110 | D        | Noticed a flying skull
   112 | D        | Noticed a flying skull
   112 | D        | Noticed a flying skull
   114 | D        | Noticed a flying skull
   114 | D        | Noticed a flying skull
   114 | D        | Noticed a flying skull
   114 | D        | Noticed a flying skull
   114 | D        | Noticed a flying skull
   114 | D        | Noticed a flying skull
   114 | D        | Noticed a flying skull
   115 | D        | Noticed a flying skull
   115 | D        | Noticed a flying skull
   118 | D        | Reached XP level 8. HP: 31/50 MP: 1/20
   124 | D        | Found a glowing golden altar of the Shining One.
   124 | D        | Found an ornate altar of the Wu Jian Council.
   124 | D        | Found a stormy altar of Qazlal.
   125 | D        | Found a shimmering altar of Xom.
   125 | D        | Found a sacrificial altar of Ru.
   126 | D        | Found a basalt altar of Yredelemnul.
   126 | D        | Found a shimmering blue altar of Sif Muna.
   127 | D        | Found a glowing silver altar of Zin.
   127 | D        | Found a bloodstained altar of Trog.
   127 | D        | Found an ancient bone altar of Kikubaaqudgha.
   127 | D        | Found a viscous altar of Jiyva.
   128 | D        | Found a hide-covered altar of Uskayaw.
   128 | D        | Found a corrupted altar of Lugonu.
   128 | D        | Found a shadowy altar of Dithmenos.
   129 | D        | Found a radiant altar of Vehumet.
   129 | D        | Found a burning altar of Makhleb.
   129 | D        | Found a white marble altar of Elyvilon.
   130 | D        | Found a sparkling altar of Nemelex Xobeh.
   130 | D        | Found a blossoming altar of Fedhas.
   132 | D        | Found an iron altar of Okawaru.
   132 | D        | Found an opulent altar of Gozag.
   132 | D        | Found a hazy altar of Hepliaklqana.
   132 | D        | Found a snail-covered altar of Cheibriados.
   137 | D        | Became a worshipper of Sif Muna the Loreminder
   142 | D        | Learned a level 3 spell: Inner Flame
   147 | D        | Learned a level 4 spell: Flame Wave
   228 | D        | Noticed a hornet
   228 | D        | Noticed a polar bear
   229 | D        | Noticed a yaktaur
   231 | D        | Noticed a polar bear
   234 | D        | Killed a polar bear
   235 | D        | Reached skill level 11 in Fire Magic
   235 | D        | Killed a polar bear
   243 | D        | Killed a yaktaur
   243 | D        | Reached * piety under Sif Muna
   243 | D        | HP: 2/51 [hornet (6)]
   243 | D        | Mangled by a hornet

Illustrated notes

Levels and vault maps discovered:
D:        the_violet_keep_of_menkaure [sprint2_stairs_cluster_1,
          sprint2_shoproom, sprint2_temple, sprint2_basic_supplies,
          sprint2_obstacle_1, sprint2_obstacle_6, sprint2_obstacle_3,
          sprint2_obstacle_4, sprint2_obstacle_2, sprint2_timed_cluster_1,
          sprint2_smallroom_cluster_1, sprint2_smallroom_final_cluster_1,
          sprint2_transparent_cluster_1, sprint2_second_timed_cluster_1,
          sprint2_sniper_area_1, sprint2_heavy_combat_area_1,
          sprint2_mutation_trap_area_1, sprint2_forest_area_1,
          sprint2_light_combat_area_1, sprint2_behind_water_1,
          sprint2_near_end_vault_1]

Skill      XL: |  1  2  3  4  5  6  7  8 |
---------------+-------------------------+-----
Fighting       | 1 2 |  2.3
Dodging        | 3 4 5 |  5.9
Stealth        | 4 5 6 |  6.8
Spellcasting   | 4 6 7 8 9 |  9.8
Conjurations   | 3 4 5 6 7 |  7.3
Fire Magic     | 6 8 9 10 11 | 11.3
Hexes          | |  0.5

Action                     |  1- 3 |  4- 6 |  7- 9 || total
---------------------------+-------+-------+-------++-------
  Melee: Unarmed           |     9 |    11 |       ||    20
         Tentacles         |     1 |     5 |       ||     6
         Constrict         |     1 |     3 |       ||     4
         Punch             |       |     2 |       ||     2
   Cast: Foxfire           |       |     2 |     8 ||    10
         Scorch            |       |     2 |     5 ||     7
         Flame Wave        |       |       |     2 ||     2
         Inner Flame       |       |       |     1 ||     1
    Use: Potion            |     2 |     2 |       ||     4
  Dodge: Dodged            |     4 |    11 |     2 ||    17

Table legend: (Time is in decaauts)
 A = Elapsed time spent in this place.
 B = Non-inter-level travel time spent in this place.
 C = Inter-level travel time spent in this place.
 D = Time resting spent in this place.
 E = Time spent auto-exploring this place.
 F = Levels seen in this place.
 G = Mean time per level.
                   A        B        C        D        E       F      G
               +--------+--------+--------+--------+--------+-----+--------+
         Total |    235 |    235 |      0 |     80 |      0 |   1 |  235.0 |
       Dungeon |    235 |    235 |      0 |     80 |      0 |   1 |  235.0 |
               +--------+--------+--------+--------+--------+-----+--------+

Top non-repeatable levels by time:
       D: 235 daAuts
